 Dungeon Crawl Stone Soup version 0.27-a0-1555-g0e7b3fb1d2 (webtiles) character file.

Game seed: 12850353853523393491

801 SolCadguy the Magician (level 7, -2/49 HPs)
             Began as a Palentonga Hedge Wizard on July 15, 2021.
             Was a Follower of Okawaru.
             Slain by a steam dragon (10 damage)
             ... on level 5 of the Dungeon.
             The game lasted 00:20:23 (6099 turns).

SolCadguy the Magician (Palentonga Hedge Wizard)    Turns: 6099, Time: 00:20:23

Health: -2/49      AC: 12    Str: 14    XL:     7   Next: 59%
Magic:  13/14      EV: 11    Int: 15    God:    Okawaru [*.....]
Gold:   227        SH:  0    Dex: 10    Spells: 3/16 levels left

rFire    . . .     SeeInvis +   v - +0 hand axe
rCold    . . .     Faith    .   (no shield)
rNeg     . . .     Spirit   .   b - +0 robe
rPois    .         Reflect  .   c - +0 hat
rElec    .         Harm     .   s - +0 cloak
rCorr    .         Rampage  .   (no gloves)
Will     .....                  (no barding)
Stlth    +++.......             (no amulet)
HPRegen  0.16/turn              (no ring)
MPRegen  0.14/turn              (no ring)

@: heroic, curled up
A: large, rugged brown scales 3, see invisible, deformed body, roll 1, armoured
tail, reflexive curl
a: Rolling Charge, Renounce Religion, Heroism


You were on level 5 of the Dungeon.
You worshipped Okawaru.
Okawaru was aware of your devotion.
You visited 2 branches of the dungeon, and saw 6 of its levels.

You collected 227 gold pieces.

Inventory:

Hand Weapons
 a - a +0 dagger
 g - a +0 short sword
 h - a +0 dagger of electrocution
 k - a +0 morningstar
 l - a +0 mace
 q - a +0 falchion
 v - a +0 hand axe (weapon)
 w - a +0 flail
 x - a +0 whip
 y - a +0 broad axe
Missiles
 f - 174 stones
 m - a throwing net
 r - 6 javelins
 t - 11 poisoned darts (quivered)
Armour
 b - a +0 robe (worn)
 c - a +0 hat (worn)
 s - a +0 cloak (worn)
Magical Staves
 e - a staff of air
Wands
 u - a wand of flame (23)
Scrolls
 d - a scroll of fear
 n - a scroll of blinking {unknown}
 z - a scroll of identify
 A - a scroll of teleportation
Potions
 i - a potion of flight
 j - a potion of haste


   Skills:
 + Level 4.0(9.4) Axes
 - Level 2.5(8.7) Maces & Flails
 - Level 1.5(6.5) Dodging
 - Level 1.2(6.2) Stealth
 - Level 5.0 Spellcasting
 - Level 3.5 Conjurations
 - Level 0.7 Summonings
 - Level 3.1 Translocations


You had 3 spell levels left.
You knew the following spells:

 Your Spells              Type           Power      Damage    Failure   Level
a - Magic Dart            Conj           56%        1d5       3%          1
b - Blink                 Tloc           N/A        N/A       7%          2
c - Call Imp              Summ           5%         N/A       19%         2
d - Slow                  Hex            3%         N/A       24%         2
e - Mephitic Cloud        Conj/Pois/Air  7%         N/A       30%         3
f - Conjure Flame         Conj/Fire      9%         6-21      24%         3

Your spell library contained the following spells:

 Spells                   Type           Power      Damage    Failure   Level
 Lesser Beckoning         Tloc           6%         N/A       14%         3
 Animate Skeleton         Necr           6%         N/A       16%         1
 Corona                   Hex            3%         N/A       16%         1
 Pain                     Necr           12%        1d4       16%         1
 Ensorcelled Hibernation  Hex/Ice        6%         N/A       24%         2
 Frozen Ramparts          Ice            6%         1d2       43%         3
 Tukima's Dance           Hex            3%         N/A       43%         3
 Vampiric Draining        Necr           1%         2d6       43%         3
 Manifold Assault         Tloc           13%        N/A       77%         5
 Summon Ice Beast         Ice/Summ       4%         N/A       80%         4
 Ice Form                 Ice/Tmut       3%         N/A       85%         4


Dungeon Overview and Level Annotations

Branches:
Dungeon (5/15)             Temple (1/1) D:4

Altars:
Ashenzari
Cheibriados
Elyvilon
Gozag
Hepliaklqana
Kikubaaqudgha
Okawaru
Qazlal
Sif Muna
Trog
Wu Jian
Xom
Yredelemnul
Zin


Innate Abilities, Weirdness & Mutations

You are completely covered in rugged brown scales. (AC +3, +7% HP)
You have supernaturally acute eyesight. (SInv)
Armour fits poorly on your strangely shaped body.
You can roll at nearby foes to attack.
You have a long armoured tail.
You curl defensively after being hit.


Message History

The puff of flame hits the steam dragon.
The steam dragon is moderately wounded.
Roll where?
Press: ? - help, Dir - move target, f/p - steam dragon
Aim: a steam dragon (moderately wounded)
You roll forward with a clatter of scales!
You barely miss the steam dragon. You tail-slap the steam dragon.
The steam dragon is heavily wounded.
The steam dragon breathes steam at you. The ball of steam hits you!
You hear a shout!
You gain the combat prowess of a mighty hero.
You are engulfed in a cloud of scalding steam.
The steam dragon closely misses you. The steam dragon claws you.
You closely miss the steam dragon. You tail-slap the steam dragon.
The steam dragon is heavily wounded.
The steam dragon barely misses you. The steam dragon closely misses you.
You closely miss the steam dragon.
The steam dragon is heavily wounded.
The steam dragon bites you.
The steam dragon claws you but does no damage.
You slash the steam dragon!
The steam dragon is severely wounded.
The steam dragon bites you!
* * * LOW HITPOINT WARNING * * *
The steam dragon claws you.
* * * LOW HITPOINT WARNING * * *
You hit the steam dragon but do no damage.
The steam dragon is severely wounded.
You hit the steam dragon but do no damage.
The steam dragon is severely wounded.
The steam dragon bites you.
* * * LOW HITPOINT WARNING * * *
The steam dragon barely misses you.
You hit the steam dragon but do no damage.
The steam dragon is severely wounded.
The steam dragon breathes steam at you. The ball of steam misses you.
The steam dragon bites you!
You die...

##.....# ##..
#. ...##...###
##. #.
.#.#....# ##
#.. ..#....# #
#.....#.##.##
#
#.#.#.#§###.##
# #.....#§#
##.## #
#.....#§#
##.#########
#.@D#
##........#
####.#
##.......> .#
########. .#
## .. # .. #
###


You could see a steam dragon (catching breath).

Vanquished Creatures
  2 ogres (D:4)
  A phantom (D:4)
  2 scorpions
  A bullfrog zombie (D:4)
  A jelly (D:4)
  A gnoll shaman (D:4)
  3 hounds
  An iguana (D:3)
  2 orc wizards (D:4)
  A hound skeleton (D:4)
  4 gnolls (D:4)
  2 adders (D:3)
  An ufetubus (D:4)
  An adder skeleton (D:4)
  A worm (D:4)
  4 dart slugs
  An orc (D:3)
  9 endoplasms
  2 goblins (D:1)
  9 hobgoblins
  8 jackals
  7 kobolds
  5 quokkas
  8 ball pythons
  5 bats
  6 frilled lizards
  2 rats (D:2)
90 creatures vanquished.

Vanquished Creatures (collateral kills)
  An orc priest (D:4)
  A gnoll (D:4)
  3 orcs
  A giant cockroach (D:3)
  A jackal (D:2)
  A quokka (D:4)
8 creatures vanquished.

Grand Total: 98 creatures vanquished

Notes
Turn   | Place    | Note
-------+----------+-------------------------------------------
     0 | D:1      | SolCadguy the Palentonga Hedge Wizard began the quest for
                  | the Orb.
     0 | D:1      | Reached XP level 1. HP: 13/13 MP: 4/4
    56 | D:1      | Found a faded altar of an unknown god.
   577 | D:1      | Reached XP level 2. HP: 17/20 MP: 2/6
   711 | D:1      | Learned a level 2 spell: Blink
   714 | D:1      | Learned a level 2 spell: Call Imp
   717 | D:1      | Learned a level 2 spell: Slow
   968 | D:1      | Reached skill level 4 in Spellcasting
  1112 | D:1      | Reached XP level 3. HP: 25/25 MP: 6/8
  2456 | D:3      | Noticed a scorpion
  2463 | D:3      | Killed a scorpion
  2464 | D:3      | Reached skill level 1 in Maces & Flails
  2464 | D:3      | Reached XP level 4. HP: 30/32 MP: 5/10
  2603 | D:3      | Reached XP level 5. HP: 37/37 MP: 11/11
  2612 | D:3      | Learned a level 3 spell: Mephitic Cloud
  2932 | D:3      | Reached skill level 1 in Conjurations
  3076 | D:4      | Found a staircase to the Ecumenical Temple.
  3121 | D:4      | Noticed an ogre
  3136 | D:4      | Killed an ogre
  3345 | D:4      | Reached XP level 6. HP: 24/43 MP: 7/12
  3372 | Temple   | Entered the Ecumenical Temple
  3535 | Temple   | Became a worshipper of Warmaster Okawaru
  3694 | D:4      | Learned a level 3 spell: Conjure Flame
  3952 | D:4      | Reached skill level 5 in Spellcasting
  3959 | D:4      | Gained mutation: You curl defensively after being hit.
                  | [Palentonga growth]
  3959 | D:4      | Reached XP level 7. HP: 13/49 MP: 7/14
  4277 | D:4      | Reached skill level 1 in Axes
  4507 | D:4      | Found a bloodstained altar of Trog.
  4541 | D:4      | Reached * piety under Okawaru
  5410 | D:5      | Entered Level 5 of the Dungeon
  5418 | D:5      | Noticed a yak
  5422 | D:5      | Noticed a yak
  6087 | D:5      | Noticed a steam dragon
  6099 | D:5      | Slain by a steam dragon

Illustrated notes

Levels and vault maps discovered:
D:1:      ebering_trefoil_3fold, layout_loops_ring,
          chequers_ecumenical_altar_simple
D:2:      layout_basic
D:3:      layout_rooms, minmay_puff
D:4:      minmay_wonky_spiral, layout_layer_cave, mainiacjoe_overflow_alcove_2,
          minmay_temple_entry_drinking_statues
D:5:      layout_layer_cave, columned_hall_lemuel, grunt_ministairs_1,
          uniq_menkaure, uniq_grinder
Temple:   cyrus_circular_temple

Skill      XL: |  1  2  3  4  5  6  7 |
---------------+----------------------+-----
Spellcasting   | 4 5 |  5.0
Translocations | 2 3 |  3.1
Maces & Flails | 1 2 |  2.5
Conjurations   | 3 |  3.5
Axes           | 4 |  4.0
Dodging        | |  1.5
Stealth        | |  1.2
Summonings     | |  0.7

Action                   |  1- 3 |  4- 6 |  7- 9 || total
-------------------------+-------+-------+-------++-------
Melee: Short sword       |    27 |       |       ||    27
       Dagger            |    89 |    76 |       ||   165
       Tailslap          |     9 |    14 |     6 ||    29
       Mace              |       |       |    63 ||    63
       Hand axe          |       |       |    18 ||    18
Throw: Stone             |     2 |       |       ||     2
       Dart              |       |    11 |     3 ||    14
 Cast: Magic Dart        |    61 |    20 |    24 ||   105
       Call Imp          |     3 |     2 |     5 ||    10
       Blink             |     1 |     4 |     1 ||     6
       Mephitic Cloud    |       |     1 |     1 ||     2
Invok: Heroism           |       |       |     2 ||     2
 Abil: Rolling Charge    |    25 |    15 |     7 ||    47
Evoke: Wand              |       |       |     2 ||     2
  Use: Scroll            |       |     5 |       ||     5
       Potion            |       |     2 |     5 ||     7
 Stab: Sleeping          |     1 |       |       ||     1
Armor: Robe              |    53 |    13 |    43 ||   109
       Skin              |       |       |    98 ||    98
Dodge: Dodged            |    53 |    25 |    47 ||   125

Table legend: (Time is in decaauts)
 A = Elapsed time spent in this place.
 B = Non-inter-level travel time spent in this place.
 C = Inter-level travel time spent in this place.
 D = Time resting spent in this place.
 E = Time spent auto-exploring this place.
 F = Levels seen in this place.
 G = Mean time per level.
                   A        B        C        D        E       F      G
               +--------+--------+--------+--------+--------+-----+--------+
         Total |   6096 |   5906 |    190 |   1444 |   3579 |   6 | 1016.0 |
       Dungeon |   5921 |   5741 |    180 |   1339 |   3537 |   5 | 1184.2 |
        Temple |    174 |    164 |     10 |    105 |     42 |   1 |  174.0 |
               +--------+--------+--------+--------+--------+-----+--------+

Top non-repeatable levels by time:
     D:4: 2595 daAuts
     D:1: 1270 daAuts
     D:3: 1014 daAuts
     D:2: 788 daAuts
     D:5: 252 daAuts
  Temple: 174 daAuts
